 Dungeon Crawl Stone Soup version 0.25.0-9-g26727b6 (webtiles) character file.

Game seed: 17329946317090723049

11017 silenth the Basher (level 11, 0/74 HPs)
             Began as a Gargoyle Fighter on June 17, 2020.
             Was an Elder of Okawaru.
             Blown up by an eye of devastation (40 damage)
             ... with a bolt of energy
             ... on level 11 of the Dungeon.
             The game lasted 00:16:27 (11963 turns).

silenth the Basher (Gargoyle Fighter)              Turns: 11963, Time: 00:16:28

Health: 0/74       AC: 29    Str: 23      XL:     11   Next: 71%
Magic:  13/14      EV:  5    Int:  6 (9)  God:    Okawaru [****..]
Gold:   606        SH:  9    Dex:  9      Spells: 10/10 levels left

rFire    . . .     SeeInvis .   a - +0 flail (vorpal)
rCold    . . .     Gourm    .   c - +0 kite shield
rNeg     + + .     Faith    .   s - +3 chain mail
rPois    ∞         Spirit   .   h - +1 hat
rElec    +         Reflect  .   H - +0 cloak
rCorr    .         Harm     .   K - +0 pair of gloves
MR       .....                  g - +1 pair of boots
Stlth    ..........             D - amulet of regeneration
HPRegen  0.62/turn              f - +4 ring of protection
MPRegen  0.14/turn              u - ring of positive energy

@: no status effects
A: negative energy resistance 1, electricity resistance, unbreathing,
petrification resistance, rot immunity, subdued magic 1, AC +8
a: Heroism, Renounce Religion


You were on level 11 of the Dungeon.
You worshipped Okawaru.
Okawaru was greatly pleased with you.
You were hungry.

You visited 2 branches of the dungeon, and saw 12 of its levels.

You collected 760 gold pieces.
You spent 154 gold pieces at shops.

Inventory:

Hand Weapons
 a - a +0 vorpal flail (weapon)
 b - a +2 flail of distortion
Missiles
 N - 9 curare-tipped darts (quivered)
Armour
 c - a +0 kite shield (worn)
 g - a +1 pair of boots (worn)
 h - a +1 hat (worn)
 q - a +0 scale mail
 s - a +3 chain mail (worn)
 G - a +2 leather armour of positive energy
 H - a +0 cloak (worn)
 K - a +0 pair of gloves (worn)
 M - a +2 chain mail of fire resistance
Jewellery
 f - a +4 ring of protection (left hand)
 k - an uncursed ring of resist corrosion
 u - a ring of positive energy (right hand)
 B - an uncursed ring of magical power
 D - an amulet of regeneration (around neck)
Wands
 d - a wand of flame (40)
 x - a wand of clouds (5)
 C - a wand of digging (6)
 L - a wand of polymorph (2)
Scrolls
 i - 3 scrolls of identify
 p - 2 scrolls of fog
 r - 5 scrolls of remove curse
 y - 6 scrolls of immolation
Potions
 j - 4 potions of ambrosia
 l - 2 potions of cancellation
 m - 2 potions of resistance
 n - a potion of flight
 o - 7 potions of curing
 t - 3 potions of brilliance
 v - a potion of lignification
 w - 2 potions of mutation
 z - 2 potions of stabbing
 A - 3 potions of might
 E - a potion of haste
 F - a potion of berserk rage
 I - a potion of magic
Miscellaneous
 J - a phantom mirror
Comestibles
 e - 19 rations
 O - 2 chunks of flesh


   Skills:
 + Level 11.5 Fighting
 - Level 14.0 Maces & Flails
 + Level 1.7 Throwing
 - Level 3.2 Armour
 - Level 3.2 Shields
 - Level 4.0 Invocations


You had 10 spell levels left.
You didn't know any spells.
Your spell library contained the following spells:

 Spells                   Type           Power        Failure   Level  Hunger
 Animate Skeleton         Necr           N/A          100%        1    ##.....
 Magic Dart               Conj           #...         100%        1    ##.....
 Pain                     Necr           #...         100%        1    ##.....
 Blink                    Tloc           N/A          100%        2    ###....
 Call Imp                 Summ           #.......     100%        2    ###....
 Searing Ray              Conj           #.....       100%        2    ###....
 Slow                     Hex            #.......     100%        2    ###....
 Confusing Touch          Hex            #.......     100%        3    ####...
 Conjure Flame            Conj/Fire      #.......     100%        3    ####...
 Dazzling Flash           Conj/Hex       #.....       100%        3    ####...
 Gell's Gravitas          Tloc           #.........   100%        3    ####...
 Mephitic Cloud           Conj/Pois/Air  #.......     100%        3    ####...
 Vampiric Draining        Necr           #.........   100%        3    ####...
 Animate Dead             Necr           N/A          100%        4    #####..
 Fulminant Prism          Conj/Hex       #.........   100%        4    #####..
 Iskenderun's Mystic Bla  Conj/Tloc      #.......     100%        4    #####..
 Petrify                  Tmut/Erth      #.......     100%        4    #####..
 Agony                    Necr           #.......     100%        5    ######.
 Metabolic Englaciation   Hex/Ice        #.........   100%        5    ######.
 Yara's Violent Unravell  Hex/Tmut       #.........   100%        5    ######.


Dungeon Overview and Level Annotations

Branches:
Dungeon (11/15)            Temple (1/1) D:7            Lair (0/6) D:9
    Orc (0/2) D:9

Altars:
Ashenzari
Cheibriados
Dithmenos
Elyvilon
Fedhas
Gozag
Hepliaklqana
Kikubaaqudgha
Makhleb
Nemelex Xobeh
Okawaru
Qazlal
Ru
Sif Muna
Trog
Uskayaw
Vehumet
Wu Jian
Xom
Yredelemnul
Zin
The Shining One

Shops:
D:6 *   D:7 *[   D:8 }(=

Annotations:
D:9 1 runed translucent door


Innate Abilities, Weirdness & Mutations

You are resistant to torment.
Your stone body is resilient. (AC +8)
You are immune to poison.
You resist negative energy. (rN+)
You are resistant to electric shocks. (rElec)
You can survive without breathing.
You are immune to petrification.
You are immune to rotting.
Your spells are a little easier to cast, but a little less powerful.


Message History

The kobold demonologist is engulfed in noxious fumes.
The kobold demonologist screams, "I'll kill you anyway!"
The kobold demonologist barely misses the chaos spawn.
Your shield and chain mail prevent you from hitting the eye of devastation.
The eye of devastation is severely wounded.
The chaos spawn is engulfed in noxious fumes.
The chaos spawn appears confused.
The chaos spawn hits the jelly.
Space warps horribly around the jelly!
The jelly is killed!
Okawaru accepts your kill.
The kobold demonologist is engulfed in noxious fumes.
The kobold demonologist hits the chaos spawn with a +0 dagger.
The kobold demonologist closely misses itself.
The kobold demonologist is engulfed in noxious fumes.
You hit the eye of devastation.
The eye of devastation is almost dead.
The eye of devastation gazes at you. The bolt of energy hits you!!!
Ouch! That really hurt!
You die...

.....#...### ..##...#..## ##
##..####.## #. ##.....# .# #..
##.# #.# ##...## .## ##.# ##..###
.. ##.. <.# #..####.....##.##
###..##
#.###..##....##.....#####.....###
..........#### #...... ..........
.#####÷..## ##..# ##........ ##
###..## #@.## #......... #
......### #G## ###......##.
♣≈.♣♣.....### #§#####.........#.
♣≈ ♣♣.##...###54§...5.......... ♣
♣#####..K3KK...........#### ♣
##§.5##...........# # ♣♣ ♣♣
#K55.####....##..# #
≈P.♣P♣###....# ##..###..# #
.≈.≈...##....#####..# #..#


You could see an eye of devastation, 2 kobold demonologists, a smoke demon
(summoned), a chaos spawn (summoned, confused), an iron imp (summoned), a
crimson imp (summoned) and a white imp (summoned).

Vanquished Creatures
  A cyclops (D:11)
  3 ugly things (D:11)
  A centaur zombie (D:10)
  Joseph (D:8)
  4 trolls
  Grinder (D:5)
  A hornet (D:11)
  Prince Ribbit (D:5)
  2 hippogriffs
  A spriggan (D:7)
  6 yaks (D:9)
  A wraith (D:10)
  Eustachio (D:5)
  A hungry ghost (D:8)
  A water moccasin (D:11)
  Duvessa (Temple)
  2 orc warriors
  2 sky beasts
  3 black bears
  A phantom (D:9)
  2 eyes of draining
  3 ice beasts
  An ogre (D:9)
  5 centaurs
  A big kobold (D:9)
  A crocodile (D:10)
  5 bullfrogs
  A gnoll sergeant (D:6)
  Dowan (Temple)
  A wyvern skeleton (D:9)
  A water moccasin zombie (D:8)
  4 scorpions
  7 killer bees
  7 wights
  5 howler monkeys
  6 crimson imps
  A bullfrog zombie (D:10)
  2 quasits
  5 orc priests
  2 bullfrog skeletons
  A jelly (D:11)
  4 centaur skeletons
  2 hounds
  4 orc wizards
  Jessica (D:2)
  Terence (D:2)
  4 iguanas
  17 worker ants
  2 hound zombies
  3 hound skeletons
  A worker ant zombie (D:7)
  7 gnolls
  17 adders
  A howler monkey skeleton (D:6)
  2 shadow imps
  2 oozes
  An adder skeleton (D:6)
  2 adder zombies
  2 worms
  A dart slug (D:2)
  6 leopard geckos
  29 orcs
  2 ball pythons
  13 giant cockroaches
  10 goblins
  6 hobgoblins
  6 jackals
  5 quokkas
  11 bats
  9 frilled lizards
  A jackal skeleton (D:6)
  15 kobolds
  A quokka skeleton (D:5)
  7 rats
292 creatures vanquished.

Notes
Turn   | Place    | Note
-------+----------+-------------------------------------------
     0 | D:1      | silenth the Gargoyle Fighter began the quest for the Orb.
     0 | D:1      | Reached XP level 1. HP: 14/14 MP: 1/1
   290 | D:1      | Reached XP level 2. HP: 19/19 MP: 2/2
   732 | D:1      | Reached skill level 3 in Maces & Flails
   778 | D:1      | Reached XP level 3. HP: 24/24 MP: 3/3
  1261 | D:2      | Noticed Jessica
  1262 | D:2      | Noticed Terence
  1265 | D:2      | Killed Jessica
  1265 | D:2      | Reached skill level 4 in Fighting
  1265 | D:2      | Reached XP level 4. HP: 29/29 MP: 4/4
  1275 | D:2      | Killed Terence
  1275 | D:2      | Reached skill level 4 in Maces & Flails
  1545 | D:2      | Reached XP level 5. HP: 33/34 MP: 5/5
  1943 | D:2      | Found a blossoming altar of Fedhas.
  2431 | D:3      | Reached skill level 5 in Maces & Flails
  2431 | D:3      | Reached XP level 6. HP: 31/40 MP: 6/6
  2432 | D:3      | Found a burning altar of Makhleb.
  2549 | D:3      | Reached skill level 5 in Fighting
  3281 | D:4      | Reached skill level 6 in Maces & Flails
  3504 | D:4      | Found a shadowy altar of Dithmenos.
  3507 | D:4      | Reached XP level 7. HP: 44/44 MP: 7/7
  4184 | D:5      | Entered Level 5 of the Dungeon
  4376 | D:5      | Noticed Grinder
  4377 | D:5      | Paralysed by Grinder for 6 turns
  4389 | D:5      | Reached skill level 6 in Fighting
  4396 | D:5      | Paralysed by Grinder for 4 turns
  4405 | D:5      | Killed Grinder
  4405 | D:5      | Reached skill level 7 in Maces & Flails
  4405 | D:5      | Reached XP level 8. HP: 41/52 MP: 8/8
  4528 | D:5      | Noticed Eustachio
  4528 | D:5      | Noticed Prince Ribbit
  4941 | D:5      | Killed Eustachio
  4941 | D:5      | Reached skill level 8 in Maces & Flails
  5382 | D:6      | Found a radiant altar of Vehumet.
  5391 | D:6      | Reached skill level 7 in Fighting
  5703 | D:5      | Killed Prince Ribbit
  5703 | D:5      | Reached skill level 9 in Maces & Flails
  6118 | D:6      | Reached XP level 9. HP: 58/58 MP: 9/9
  6462 | D:6      | Found Naydoem's Assorted Antiques.
  6465 | D:6      | Bought a scroll labeled DAXOKK LI TOWN for 22 gold pieces
  6465 | D:6      | Bought a scroll labeled SINLIA UNIXYU for 22 gold pieces
  6465 | D:6      | Bought a scroll labeled DAXOKK LI TOWN for 22 gold pieces
  6465 | D:6      | Bought 3 scrolls labeled DAXOKK LI TOWN for 66 gold pieces
  6465 | D:6      | Bought a scroll labeled DOTUEC YDYBEWN for 22 gold pieces
  6660 | D:7      | Reached skill level 8 in Fighting
  6967 | D:7      | Reached skill level 10 in Maces & Flails
  7012 | D:7      | Found Nehesig's Antique Armour Emporium.
  7156 | D:7      | Found a bloodstained altar of Trog.
  7161 | D:7      | Found Xaud Wacu's General Store.
  7347 | D:7      | Reached skill level 9 in Fighting
  7407 | D:7      | Reached skill level 11 in Maces & Flails
  7818 | D:7      | Found a staircase to the Ecumenical Temple.
  7840 | D:7      | Noticed Duvessa
  7841 | D:7      | Noticed Dowan
  7859 | Temple   | Entered the Ecumenical Temple
  8042 | Temple   | Became a worshipper of Warmaster Okawaru
  8115 | Temple   | Killed Duvessa
  8115 | Temple   | Reached XP level 10. HP: 64/66 MP: 10/10
  8123 | Temple   | Killed Dowan
  8412 | D:8      | Found Mueni's Weapon Boutique.
  8530 | D:8      | Reached * piety under Okawaru
  8631 | D:8      | Found Fiastrua's Jewellery Boutique.
  8667 | D:8      | Noticed Joseph
  8679 | D:8      | Killed Joseph
  8679 | D:8      | Reached skill level 12 in Maces & Flails
  8769 | D:8      | Reached skill level 10 in Fighting
  8798 | D:8      | Found a glowing silver altar of Zin.
  8967 | D:8      | Found Riluggel's Gadget Emporium.
  9174 | D:9      | Found a runed translucent door.
  9199 | D:9      | Found a runed translucent door.
  9377 | D:9      | Found a staircase to the Orcish Mines.
  9389 | D:9      | Reached ** piety under Okawaru
  9625 | D:9      | Found a shimmering blue altar of Sif Muna.
  9733 | D:9      | Found a staircase to the Lair.
 10117 | D:9      | Reached skill level 13 in Maces & Flails
 10121 | D:9      | Reached XP level 11. HP: 73/73 MP: 11/11
 10469 | D:10     | Entered Level 10 of the Dungeon
 10490 | D:10     | Reached skill level 11 in Fighting
 10490 | D:10     | Reached skill level 1 in Invocations
 10676 | D:10     | Reached *** piety under Okawaru
 10732 | D:10     | Reached skill level 2 in Invocations
 11208 | D:10     | Found a white marble altar of Elyvilon.
 11466 | D:11     | Noticed a white ugly thing
 11489 | D:11     | Killed a white ugly thing
 11599 | D:11     | Noticed Sonja
 11600 | D:11     | Noticed a green ugly thing
 11603 | D:11     | Noticed Sonja
 11603 | D:11     | Sonja changed into Sonja the eye of draining
 11609 | D:11     | Killed Sonja the eye of draining
 11625 | D:11     | Killed a green ugly thing
 11625 | D:11     | Reached skill level 3 in Invocations
 11797 | D:11     | Noticed a purple ugly thing
 11810 | D:11     | Killed a purple ugly thing
 11898 | D:11     | Noticed a cyclops
 11909 | D:11     | Reached **** piety under Okawaru
 11909 | D:11     | Reached skill level 1 in Throwing
 11921 | D:11     | Noticed a manticore
 11941 | D:11     | Killed a cyclops
 11941 | D:11     | Reached skill level 14 in Maces & Flails
 11944 | D:11     | Gained mutation: Your spells are a little easier to cast,
                  | but a little less powerful. [a neqoxec]
 11954 | D:11     | a manticore changed into an eye of devastation
 11956 | D:11     | Reached skill level 4 in Invocations
 11963 | D:11     | Blown up by an eye of devastation

Illustrated notes

Levels and vault maps discovered:
D:1:      mrwooster_arrival_statue_2, layout_loops_corners
D:2:      kennysheep_the_goblin_king, layout_basic, fedhas_altar_3,
          uniq_jessica, uniq_terence
D:3:      layout_loops_cross, makhleb_heckhound_becter
D:4:      layout_loops_corners, grunt_dithmenos_shadows, wad_woods_river_04
D:5:      layout_basic, first_ration, hangedman_decor_lopped, uniq_eustachio,
          uniq_prince_ribbit1, uniq_grinder
D:6:      layout_loops_ring, serial_shops, kennysheep_mini,
          vehumet_altar_wand_db
D:7:      layout_basic, minmay_temple_entry_antechambers, serial_shops,
          nicolae_shop_behind_doors, shop, the_bakery, trog_butcher_becter,
          uniq_duvessa
D:8:      layout_rooms, zin_treasury, serial_shops, shop_coins, shop, shop,
          uniq_joseph
D:9:      lemuel_insect_pit, layout_stronghold, lemuel_blue_sif_altar,
          lair_entry_dummy, orc_0_dummy, chequers_arboretum
D:10:     layout_layer_cave, elyvilon_altar_3
D:11:     layout_layer_cave, serial_bayou_crossing, uniq_psyche, uniq_sonja
Temple:   dpeg_five_rooms_temple

Skill      XL: |  1  2  3  4  5  6  7  8  9 10 11 |
---------------+----------------------------------+-----
Maces & Flails | 3 4 5 6 7 9 11 13 14 | 14.0
Fighting       | 4 5 6 7 9 10 11 | 11.5
Invocations    | 4 |  4.0
Throwing       | 1 |  1.7
Armour         | |  3.2
Shields        | |  3.2

Action                   |  1- 3 |  4- 6 |  7- 9 | 10-12 || total
-------------------------+-------+-------+-------+-------++-------
Melee: Flail             |   105 |   263 |   514 |   623 ||  1505
Invok: Heroism           |       |       |       |     4 ||     4
Evoke: Wand              |       |       |       |     2 ||     2
  Use: Scroll            |       |     1 |    16 |     6 ||    23
       Potion            |       |       |     5 |       ||     5
 Stab: Invisible         |       |       |     1 |       ||     1
  Eat: Chunk             |     1 |     8 |     3 |     5 ||    17
       Ration            |       |       |     4 |     3 ||     7
Armor: Scale mail        |    80 |    83 |       |       ||   163
       Chain mail        |       |    39 |   413 |   362 ||   814
Dodge: Dodged            |    50 |    75 |   110 |   123 ||   358
Block: Kite shield       |    63 |   121 |   254 |   252 ||   690
